 Dungeon Crawl Stone Soup version 0.31-a0-166-g46f44d267d (webtiles) character file.

Game seed: 9409282132557985116

2635 qw the Skirmisher (level 9, -1/57 HPs)
             Began as a Gargoyle Hunter on June 13, 2023.
             Slain by a killer bee (6 damage)
             ... on level 8 of the Dungeon.
             The game lasted 00:03:01 (6687 turns).

qw the Skirmisher (Gargoyle Hunter)                 Turns: 6687, Time: 00:03:02

Health: -1/57      AC: 19    Str: 15    XL:     9   Next: 61%
Magic:  9/9        EV: 13    Int: 10    God:
Gold:   241        SH:  0    Dex: 17    Spells: 8/8 levels left

rFire   . . .        Y - +0 orcbow
rCold   . . .        (shield currently unavailable)
rNeg    + . .        c - +2 robe {Will+}
rPois   inf          (no helmet)
rElec   +            (no cloak)
rCorr   .            j - +1 pair of gloves
SInv    +            n - +0 pair of boots
Will    +....        t - amulet of regeneration
Stlth   ++           f - ring of see invisible
HPRegen 1.89/turn    r - +4 ring of protection
MPRegen 0.11/turn

%: no passive effects
@: about to teleport, flying
A: sickness immunity, AC +6, negative energy resistance 1, electricity
resistance, torment resistance 1, petrification resistance, big wings,
iridescent scales 1, regeneration 1, subdued magic 1
a: no special abilities


You were on level 8 of the Dungeon.
You visited 2 branches of the dungeon, and saw 9 of its levels.

You collected 501 gold pieces.
You spent 260 gold pieces at shops.


Innate Abilities, Weirdness & Mutations

You are immune to sickness and miasma.
Your stone body is resilient. (AC +6)
You are immune to poison.
You resist negative energy. (rN+)
You are resistant to electric shocks. (rElec)
You are resistant to unholy torment.
You are immune to petrification.
Your large and strong wings let you fly.
You are partially covered in iridescent scales. (AC +2)
Your natural rate of healing is unusually fast.
Your spells are a little easier to cast, but a little less powerful.


   Skills:
 + Level 7.5 Fighting
 - Level 11.1 Ranged Weapons
 - Level 1.2 Armour
 - Level 3.1 Dodging
 - Level 1.1 Stealth


You had 8 spell levels left.
You didn't know any spells.
Your spell library was empty.

Inventory:

Hand Weapons
 Y - a +0 orcbow (weapon)
Armour
 c - a +2 robe of willpower (worn)
 j - a +1 pair of gloves (worn)
 l - a +0 robe of cold resistance
 n - a +0 pair of boots (worn)
 p - a +0 helmet
Jewellery
 a - a ring of protection from fire
 f - a ring of see invisible (left hand)
 q - a ring of fire
 r - a +4 ring of protection (right hand)
 t - an amulet of regeneration (around neck)
Wands
 b - a wand of digging (1)
Scrolls
 h - 2 scrolls of identify
Potions
 e - 2 potions of haste
 g - a potion of mutation
 i - 6 potions of might
 k - a potion of lignification
 m - 5 potions of curing
 o - a potion of magic
 s - a potion of attraction
 w - a potion of resistance

Dungeon Overview and Level Annotations

Branches:
Dungeon (8/15)             Temple (1/1) D:5
   Lair: D:8-11

Altars:
Ashenzari
Cheibriados
Dithmenos
Elyvilon
Fedhas
Gozag
Hepliaklqana
Qazlal
Ru
Sif Muna
Trog
Uskayaw
Vehumet
Wu Jian
Xom
Zin
The Shining One

Shops:
D:5 :   D:6 **

Portals:
Bailey: D:7

Annotations:
D:6 3 runed translucent doors, Crazy Yiuf


Message History

The killer bee stings you but does no damage.
The wyvern misses you. The killer bee misses you. The wyvern barely misses you.
You shoot an arrow. The arrow hits the wyvern.
The wyvern is heavily wounded.
The killer bee closely misses you. The wyvern bites you!
The killer bee stings you but does no damage.
You shoot an arrow.
The arrow hits the wyvern but does no damage.
The wyvern is heavily wounded.
The killer bee stings you but does no damage.
The wyvern bites you.
The killer bee stings you but does no damage.
The wyvern bites you!
You shoot an arrow. The arrow barely misses the wyvern.
The killer bee stings you but does no damage.
The wyvern closely misses you. The killer bee barely misses you.
You shoot an arrow. The arrow hits the wyvern.
The wyvern is severely wounded.
The killer bee stings you but does no damage.
The wyvern bites you!
The killer bee stings you but does no damage.
The wyvern closely misses you.
You shoot an arrow. The arrow closely misses the wyvern.
The killer bee stings you. The wyvern bites you!
The killer bee barely misses you.
6685 ||| READING scroll of teleportation.
As you read the scroll of teleportation, it crumbles to dust.
You feel strangely unstable.
The killer bee stings you but does no damage.
The wyvern bites you but does no damage.
The killer bee stings you but does no damage.
The wyvern bites you but does no damage.
You shoot an arrow. The arrow hits the wyvern.
The wyvern is severely wounded.
The killer bee misses you.
The wyvern bites you but does no damage.
You shoot an arrow. The arrow hits the wyvern.
The wyvern is almost dead.
The killer bee stings you. The wyvern bites you! The killer bee stings you.
You die...

#<...##.....##.#.#.#.###.#
##...####.####...#.......#
#.............# ###.###.#
#...###.......# ....###.#
#... #<..##### ........#
##.#### #######.# #........
#..... ####y.#####. #.##.#
#...@l...... #.##.#
####.....##########.##.#
#........# #......##.#
#........#####.###..##.#
#...####.........#..##.#
.####...##########....)...(#
........................####
####.....######.#######.#
....)...................#


You could see a wyvern and a killer bee.

Vanquished Creatures
  3 yaks (D:5)
  Edmund (D:6)
  2 water moccasins
  2 ice beasts
  2 black bears
  An ogre (D:6)
  A centaur (D:4)
  A phantom (D:4)
  3 kobold brigands
  2 bullfrogs (D:7)
  3 scorpions
  4 wights
  An electric eel (D:6)
  A hound (D:6)
  A gnoll bouda (D:4)
  A jelly (D:6)
  A sleepcap (D:6)
  Jessica (D:2)
  3 iguanas
  An orc wizard (D:7)
  7 gnolls
  8 adders
  A shadow imp (D:6)
  2 white imps
  2 ufetubi (D:4)
  2 worms
  15 orcs
  3 bats (D:2)
  5 endoplasms
  2 giant cockroaches
  7 goblins
  11 hobgoblins
  7 jackals
  14 kobolds
  A quokka (D:4)
  9 ball pythons
  3 frilled lizards (D:1)
  4 rats
138 creatures vanquished.

Notes
Turn   | Place    | Note
-------+----------+-------------------------------------------
     0 | D:1      | qw the Gargoyle Hunter began the quest for the Orb.
     0 | D:1      | Reached XP level 1. HP: 12/12 MP: 1/1
     0 | D:1      | 0 ||| qw: Version: 0.2-a-29-gc1b59c4
     0 | D:1      | 0 ||| qw: Game counter: 4836
     0 | D:1      | 0 ||| qw: Always use a shield: true
     0 | D:1      | 0 ||| qw: God list: Okawaru
     0 | D:1      | 0 ||| qw: Allow faded altars: false
     0 | D:1      | 0 ||| qw: Do Orc after D:15 true
     0 | D:1      | 0 ||| qw: Do second Lair branch before Depths: true
     0 | D:1      | 0 ||| qw: Lair rune preference: random
     0 | D:1      | 0 ||| qw: Plans: Normal, Zot:1-4, Slime:5, God:TSO, Crypt,
                  | Tomb, Abyss, Pan, Hells, Win
     0 | D:1      | 0 ||| PLANNING D:1-11
   207 | D:1      | Reached XP level 2. HP: 17/17 MP: 2/2
   960 | D:1      | 960 ||| UPGRADING to +0 ring mail.
   970 | D:1      | 970 ||| DROPPING +0 leather armour.
   971 | D:1      | 971 ||| UPGRADING to +0 robe of cold resistance.
   981 | D:1      | 981 ||| UPGRADING to ring of see invisible.
   982 | D:1      | 982 ||| READING scroll labelled KUANABA ASACH.
   983 | D:1      | 983 ||| READING scroll labelled OCUNAK UFYBLO.
   984 | D:1      | 984 ||| READING scroll labelled KAHOSU VYINEU.
   985 | D:1      | 985 ||| READING scroll labelled WUCLUUS WARU.
   986 | D:1      | 986 ||| READING scroll labelled BUR COLOPRIRAP.
   987 | D:1      | 987 ||| DROPPING scroll of butterflies.
  1043 | D:2      | 1043 ||| STAIRDANCE
  1053 | D:1      | Reached XP level 3. HP: 11/21 MP: 3/3
  1166 | D:2      | Reached skill level 5 in Ranged Weapons
  1224 | D:2      | Noticed Jessica
  1228 | D:2      | Killed Jessica
  1229 | D:2      | Reached skill level 3 in Fighting
  1237 | D:2      | Reached XP level 4. HP: 12/28 MP: 4/4
  1438 | D:2      | Found a faded altar of an unknown god.
  1806 | D:2      | HP: 7/28 [worm (1)]
  2067 | D:2      | 2067 ||| UPGRADING to +2 robe of willpower.
  2077 | D:2      | 2077 ||| DROPPING +0 ring mail.
  2078 | D:2      | 2078 ||| UPGRADING to +1 pair of gloves.
  2083 | D:2      | 2083 ||| READING scroll labelled LERA REULOT.
  2084 | D:2      | 2084 ||| READING scroll labelled DOONTA VIGEBA.
  2085 | D:2      | 2085 ||| READING scroll labelled WAABUSE WOEV.
  3080 | D:3      | 3080 ||| READING scroll labelled YRO GARIDDIGU.
  3100 | D:3      | 3100 ||| READING scroll labelled PIEBBO TEDOWN.
  3103 | D:3      | 3103 ||| READING scroll labelled CAIKAHYQ ZOKO.
  3104 | D:3      | 3104 ||| READING scroll labelled NYPROF XUAVVEH.
  3105 | D:3      | 3105 ||| DRINKING 2 ruby potions.
  3106 | D:3      | 3106 ||| DRINKING 2 fuming white potions.
  3107 | D:3      | 3107 ||| DRINKING 2 cyan potions.
  3107 | D:3      | Gained mutation: Your natural rate of healing is unusually
                  | fast. [potion of mutation]
  3107 | D:3      | Gained mutation: You are partially covered in iridescent
                  | scales. (AC +2) [potion of mutation]
  3107 | D:3      | Gained mutation: Your spells are a little easier to cast,
                  | but a little less powerful. [potion of mutation]
  3107 | D:3      | Gained mutation: Your large and strong wings let you fly.
                  | [potion of mutation]
  3108 | D:3      | 3108 ||| DRINKING 2 fuming black potions.
  3109 | D:3      | 3109 ||| DRINKING 2 fizzy blue potions.
  3110 | D:3      | 3110 ||| READING 2 scrolls of identify.
  3110 | D:3      | 3110 ||| IDENTIFYING blue potion
  3111 | D:3      | 3111 ||| DROPPING potion of enlightenment.
  3112 | D:3      | 3112 ||| DROPPING potion of brilliance.
  3168 | D:4      | Reached XP level 5. HP: 32/32 MP: 5/5
  3340 | D:4      | Reached skill level 6 in Ranged Weapons
  3422 | D:4      | Found a broken altar of Ashenzari.
  3552 | D:4      | Noticed a kobold brigand
  3577 | D:4      | Killed a kobold brigand
  3578 | D:4      | Reached XP level 6. HP: 31/38 MP: 6/6
  3695 | D:4      | Reached skill level 7 in Ranged Weapons
  3871 | D:4      | Identified the +9 rapier of Fragile Peace {antimagic, *Rage
                  | rElec rC+ Dex+2}
  3968 | D:4      | Found a shimmering altar of Xom.
  3976 | D:4      | Found a glowing silver altar of Zin.
  3976 | D:4      | Found a glowing golden altar of the Shining One.
  3977 | D:4      | Found a white marble altar of Elyvilon.
  4166 | D:4      | 4166 ||| UPGRADING to +0 pair of boots.
  4171 | D:4      | 4171 ||| READING 2 scrolls of identify.
  4171 | D:4      | 4171 ||| IDENTIFYING orange potion
  4234 | D:5      | Entered Level 5 of the Dungeon
  4237 | D:5      | 4237 ||| STAIRDANCE
  4254 | D:4      | Reached skill level 1 in Armour
  4260 | D:5      | 4260 ||| STAIRDANCE
  4268 | D:4      | Reached XP level 7. HP: 30/43 MP: 7/7
  4285 | D:5      | 4285 ||| STAIRDANCE
  4295 | D:5      | 4295 ||| STAIRDANCE
  4310 | D:5      | 4310 ||| STAIRDANCE
  4319 | D:5      | 4319 ||| STAIRDANCE
  4336 | D:5      | 4336 ||| STAIRDANCE
  4354 | D:5      | 4354 ||| STAIRDANCE
  4375 | D:5      | 4375 ||| STAIRDANCE
  4387 | D:4      | 4387 ||| SWAPPING to +0 orcbow.
  4388 | D:4      | 4388 ||| DROPPING +1 shortbow.
  4470 | D:5      | Reached skill level 8 in Ranged Weapons
  4555 | D:5      | Found Osekkuam's Book Boutique.
  4617 | D:5      | Found a staircase to the Ecumenical Temple.
  4619 | D:5      | 4619 ||| PLANNING TEMPLE
  4619 | D:5      | 4619 ||| DROPPING ring of see invisible.
  4620 | D:5      | 4620 ||| UPGRADING to +4 ring of protection.
  4621 | D:5      | 4621 ||| READING 3 scrolls of identify.
  4621 | D:5      | 4621 ||| IDENTIFYING coppery potion
  4629 | Temple   | Entered the Ecumenical Temple
  4707 | Temple   | 4707 ||| PLANNING D:1-11
  4798 | D:5      | Reached XP level 8. HP: 49/49 MP: 8/8
  5172 | D:5      | 5172 ||| READING 2 scrolls of identify.
  5172 | D:5      | 5172 ||| IDENTIFYING smoky purple potion
  5188 | D:6      | Noticed a yak
  5190 | D:6      | Noticed a yak
  5191 | D:6      | Noticed a yak
  5196 | D:6      | 5196 ||| STAIRDANCE
  5204 | D:6      | 5204 ||| STAIRDANCE
  5221 | D:5      | Killed a yak
  5223 | D:5      | HP: 9/49 [yak (10)]
  5224 | D:5      | 5224 ||| DRINKING potion of heal wounds.
  5230 | D:5      | Killed a yak
  5231 | D:5      | Reached skill level 9 in Ranged Weapons
  5244 | D:5      | Killed a yak
  5258 | D:6      | Reached skill level 6 in Fighting
  5262 | D:6      | 5262 ||| STAIRDANCE
  5304 | D:6      | 5304 ||| STAIRDANCE
  5330 | D:6      | 5330 ||| STAIRDANCE
  5351 | D:6      | Noticed Edmund
  5376 | D:6      | Killed Edmund
  5377 | D:6      | Reached skill level 10 in Ranged Weapons
  5387 | D:6      | Found Qunupaolu's Assorted Antiques.
  5391 | D:6      | Reached XP level 9. HP: 55/55 MP: 9/9
  5400 | D:6      | Reached skill level 3 in Dodging
  5406 | D:6      | 5406 ||| BUYING glowing lapis lazuli amulet (130 gold).
  5406 | D:6      | Bought a glowing lapis lazuli amulet for 130 gold pieces
  5406 | D:6      | 5406 ||| BUYING scroll labelled EMAKOT PORUINIGE (26 gold).
  5406 | D:6      | Bought a scroll labelled EMAKOT PORUINIGE for 26 gold
                  | pieces
  5406 | D:6      | 5406 ||| BUYING tapered brass wand (104 gold).
  5406 | D:6      | Bought a tapered brass wand for 104 gold pieces
  5535 | D:6      | Found a large runed translucent door.
  5536 | D:6      | Found a large runed translucent door.
  5568 | D:6      | Found Mankeerr's Elemental Accessories.
  5756 | D:6      | Found a runed translucent door.
  5760 | D:6      | Noticed Crazy Yiuf
  5837 | D:6      | 5837 ||| UPGRADING to amulet of regeneration.
  5842 | D:6      | 5842 ||| READING 2 scrolls labelled EQOHUT XAMPA.
  5843 | D:6      | 5843 ||| READING scroll labelled EMAKOT PORUINIGE.
  5844 | D:6      | 5844 ||| DROPPING scroll of amnesia.
  5845 | D:6      | 5845 ||| DROPPING wand of mindburst (7).
  5985 | D:7      | Found a flagged portal.
  5987 | D:7      | 5987 ||| Stepping ~*~*~tactically~*~*~ (outnumbered).
  6396 | D:7      | Reached skill level 11 in Ranged Weapons
  6467 | D:7      | 6467 ||| READING scroll labelled CYNUTE TITUANA.
  6468 | D:7      | 6468 ||| READING 2 scrolls of identify.
  6468 | D:7      | 6468 ||| IDENTIFYING bubbling amethyst potion
  6480 | D:8      | Found a bloodstained altar of Trog.
  6568 | D:8      | Found an ornate altar of the Wu Jian Council.
  6684 | D:8      | HP: 11/57 [wyvern (9)]
  6685 | D:8      | 6685 ||| READING scroll of teleportation.
  6687 | D:8      | HP: 5/57 [wyvern (7)]
  6687 | D:8      | Slain by a killer bee

Levels and vault maps discovered:
D:1:      dpeg_arrival_another_circle, layout_basic
D:2:      layout_basic, hellmonk_ecumenical_altar_crossroads, uniq_jessica
D:3:      layout_loops_corners, corexii_leaking_fountain
D:4:      cheibrodos_thug_alley, layout_loops_corners, good_gods_temple_1,
          lemuel_round_altar, mainiacjoe_overflow_alcove_4
D:5:      layout_basic, minmay_temple_entry_mini_moons, serial_shops,
          nicolae_book_shop_shelving, serial_curves, eino_curves_03,
          eino_curves_02
D:6:      layout_rooms, jmf_multi_god_temple2, serial_shops, shop,
          grunt_ministairs_3, minivault_14, nicolae_elemental_shop,
          uniq_crazy_yiuf_cottage, uniq_edmund
D:7:      layout_basic, enter_bailey_5
D:8:      layout_basic, old_standard_altar, nicolae_wu_jian_glorious_leap,
          dpeg_oklobed_lair, kennysheep_kite_vault
Temple:   compressed_dpeg_circular_temple

Skill      XL: |  1  2  3  4  5  6  7  8  9 |
---------------+----------------------------+-----
Ranged Weapons | 5 6 7 8 10 11 | 11.1
Fighting       | 3 4 5 6 7 |  7.5
Armour         | 1 |  1.2
Dodging        | 2 3 |  3.1
Stealth        | |  1.1

Action                     |  1- 3 |  4- 6 |  7- 9 || total
---------------------------+-------+-------+-------++-------
   Fire: Shortbow          |    59 |   269 |    15 ||   343
         Orcbow            |       |       |   331 ||   331
    Use: Scroll            |     5 |     9 |     7 ||    21
         Potion            |       |     5 |     1 ||     6
 Armour: Robe              |     9 |    62 |   146 ||   217
  Dodge: Dodged            |    19 |    95 |   158 ||   272

Table legend:
 A = Non-vault XP
 B = Vault XP
 C = Vault XP percentage of total XP
 D = Non-vault monster count
 E = Vault monster count
 F = Vault count percentage of total count
                 A         B        C        D         E       F
            +---------+---------+-------+---------+---------+-------
      Total |    3339 |     426 |  11.3 |     121 |      17 |  12.3
            +---------+---------+-------+---------+---------+-------
        D:1 |      33 |       0 |   0.0 |      15 |       0 |   0.0
        D:2 |      47 |      37 |  44.0 |      19 |       1 |   5.0
        D:3 |      40 |       0 |   0.0 |      14 |       0 |   0.0
        D:4 |     407 |     214 |  34.5 |      26 |      10 |  27.8
        D:5 |    1220 |       0 |   0.0 |      16 |       0 |   0.0
        D:6 |     837 |     167 |  16.6 |      15 |       2 |  11.8
        D:7 |     518 |       8 |   1.5 |       9 |       4 |  30.8
        D:8 |     237 |       0 |   0.0 |       7 |       0 |   0.0
            +---------+---------+-------+---------+---------+-------
